 Dungeon Crawl Stone Soup version 0.22-a0-348-gd16d139 (webtiles) character file.

329 b5mith the Grave Robber (level 6, -4/32 HPs)
             Began as a Deep Elf Necromancer on Apr 8, 2018.
             Slain by Sigmund
             ... wielding a +0 scythe
              (7 damage)
             ... on level 5 of the Dungeon.
             The game lasted 00:16:58 (5693 turns).

b5mith the Grave Robber (Deep Elf Necromancer)      Turns: 5693, Time: 00:16:59

Health: -4/32      AC:  4    Str:  6    XL:     6   Next: 25%
Magic:  7/15       EV: 14    Int: 21    God:
Gold:   217        SH:  0    Dex: 15    Spells: 3/15 levels left

rFire    . . .     SeeInvis .   (no weapon)
rCold    . . .     Gourm    .   (no shield)
rNeg     . . .     Faith    .   a - +0 robe
rPois    .         Spirit   .   (no helmet)
rElec    .         Reflect  .   (no cloak)
rCorr    .         Harm     .   m - +0 pair of gloves
MR       .....                  f - +0 pair of boots
Stlth    +++.......             (no amulet)
HPRegen  1.10/turn              (no ring)
MPRegen  0.14/turn              (no ring)

@: regenerating
A: no striking features
a: no special abilities


You were on level 5 of the Dungeon.
You were not hungry.

You visited 1 branch of the dungeon, and saw 5 of its levels.

You collected 217 gold pieces.

Inventory:

Armour
 a - a +0 robe (worn)
 d - a +0 ring mail
   (You found it on level 1 of the Dungeon)
 f - a +0 pair of boots (worn)
   (You found it on level 2 of the Dungeon)
 m - a +0 pair of gloves (worn)
   (You found it on level 4 of the Dungeon)
Wands
 u - a wand of iceblast (7)
   (You found it on level 4 of the Dungeon)
Scrolls
 b - a scroll of immolation {unknown}
 e - a scroll of amnesia {unknown}
 h - a scroll of fog
 i - a scroll of random uselessness {unknown}
 j - a scroll of magic mapping {unknown}
 r - a scroll of identify {unknown}
 s - a scroll of remove curse {@r2}
Potions
 g - a potion of resistance {unknown}
 k - 3 potions of lignification {unknown}
 l - 2 potions of brilliance {unknown}
 n - 2 potions of heal wounds {unknown}
 o - a potion of might {unknown}
 p - a potion of flight {unknown}
 q - a potion of haste {unknown}
 t - a potion of degeneration {unknown}
Comestibles
 c - 3 rations


   Skills:
 + Level 4.5 Dodging
 + Level 4.8 Stealth
 + Level 5.1 Spellcasting
 + Level 6.1 Necromancy


You had 3 spell levels left.
You knew the following spells:

 Your Spells              Type           Power        Failure   Level  Hunger
a - Pain                  Necr           ####         1%          1    None
b - Animate Skeleton      Necr           N/A          1%          1    None
c - Vampiric Draining     Necr           ####......   2%          3    ##.....
d - Animate Dead          Necr           N/A          9%          4    ####...
e - Regeneration          Chrm/Necr      ###.......   9%          3    ##.....


Dungeon Overview and Level Annotations

Branches:
Dungeon (5/15)
 Temple: D:4-7

Altars:
Nemelex Xobeh

Annotations:
D:2 1 transporter
D:4 Terra's ghost, amateur MfSk
D:5 Sigmund


Message History

There is a stone staircase leading down here.
You climb downwards.
Sigmund the Dreaded comes into view.
He is wielding a scythe.
There is a stone staircase leading up here.
You start resting.
Magic restored.
You start resting.
HP restored.
Memorise Regeneration, consuming 3 spell levels and leaving 3?
You start memorising the spell.
You continue memorising. x3
You finish memorising.
Spell assigned to 'e'.
Casting: Vampiric Draining (safe; 2% risk of failure)
Confirm with . or Enter, or press ? or * to list all spells.
Aiming: Pain (safe; 1% risk of failure)
Press: ? - help, Shift-Dir - straight line, f - Sigmund
Aim: Sigmund, wielding a scythe and wearing a robe (resting, chance to defeat MR: 89%) Sigmund shouts!
Sigmund writhes in agony!
Casting: Pain (safe; 1% risk of failure)
Confirm with . or Enter, or press ? or * to list all spells.
Aiming: Pain (safe; 1% risk of failure)
Press: ? - help, Shift-Dir - straight line, f/p - Sigmund
Aim: Sigmund, wielding a scythe and wearing a robe (lightly wounded, chance to defeat MR: 89%) Sigmund writhes in agony!
Sigmund hits you from afar with a scythe!
Casting: Pain (safe; 1% risk of failure)
Confirm with . or Enter, or press ? or * to list all spells.
Aiming: Pain (safe; 1% risk of failure)
Press: ? - help, Shift-Dir - straight line, f/p - Sigmund
Aim: Sigmund, wielding a scythe and wearing a robe (moderately wounded, chance to defeat MR: 89%) Sigmund writhes in agony!
Sigmund barely misses you.
Casting: Pain (safe; 1% risk of failure)
Confirm with . or Enter, or press ? or * to list all spells.
Aiming: Pain (safe; 1% risk of failure)
Press: ? - help, Shift-Dir - straight line, f/p - Sigmund
Aim: Sigmund, wielding a scythe and wearing a robe (heavily wounded, chance to defeat MR: 89%) Sigmund writhes in agony!
Casting: Pain (safe; 1% risk of failure)
Confirm with . or Enter, or press ? or * to list all spells.
Aiming: Pain (safe; 1% risk of failure)
Press: ? - help, Shift-Dir - straight line, f/p - Sigmund
Aim: Sigmund, wielding a scythe and wearing a robe (severely wounded, chance to defeat MR: 89%) Sigmund writhes in agony!
Sigmund hits you from afar with a scythe!
* * * LOW HITPOINT WARNING * * *
Casting: Pain (safe; 1% risk of failure)
Confirm with . or Enter, or press ? or * to list all spells.
Your skin crawls.
Sigmund hits you from afar with a scythe!
You die...

#.#
#.#
#.#
#.#
#.#
#.#
##.#
#..#
#@##
#<#
#@#
...
##..#
#..#
#..#
#..#
#..#


You could see Sigmund.

Vanquished Creatures
  A sky beast (D:4)
  An ogre (D:4)
  A worker ant (D:3)
  4 adders
  2 oozes
  A worm (D:2)
  3 dart slugs
  6 leopard geckos
  4 orcs
  12 bats
  2 giant cockroaches
  5 goblins
  2 hobgoblins (D:2)
  7 jackals
  8 kobolds
  2 quokkas (D:3)
  5 frilled lizards
  7 rats
  A toadstool (D:1)
74 creatures vanquished.

Vanquished Creatures (others)
  3 toadstools (D:1)
3 creatures vanquished.

Grand Total: 77 creatures vanquished

Notes
Turn   | Place    | Note
-------+----------+-------------------------------------------
     0 | D:1      | b5mith the Deep Elf Necromancer began the quest for the Orb.
     0 | D:1      | Reached XP level 1. HP: 10/10 MP: 6/6
     2 | D:1      | Learned a level 1 spell: Animate Skeleton
   435 | D:1      | Reached skill level 5 in Necromancy
   435 | D:1      | Reached XP level 2. HP: 15/15 MP: 6/8
  1262 | D:2      | Reached XP level 3. HP: 19/19 MP: 8/10
  1508 | D:2      | Learned a level 3 spell: Vampiric Draining
  2203 | D:2      | Reached XP level 4. HP: 23/24 MP: 6/11
  2222 | D:2      | Found a sparkling altar of Nemelex Xobeh.
  2222 | D:2      | Found a transporter.
  2223 | D:2      | Noticed an ice beast
  3622 | D:4      | Noticed Terra's ghost (amateur MfSk)
  3669 | D:3      | Learned a level 4 spell: Animate Dead
  3696 | D:3      | Reached XP level 5. HP: 8/28 MP: 8/13
  4413 | D:4      | Noticed an ogre
  4422 | D:4      | Killed an ogre
  5411 | D:5      | Entered Level 5 of the Dungeon
  5417 | D:5      | Noticed a sky beast
  5476 | D:4      | Killed a sky beast
  5476 | D:4      | Reached skill level 5 in Spellcasting
  5476 | D:4      | Reached skill level 6 in Necromancy
  5476 | D:4      | Reached XP level 6. HP: 9/32 MP: 4/15
  5492 | D:5      | Noticed Sigmund
  5687 | D:5      | Learned a level 3 spell: Regeneration
  5693 | D:5      | Slain by Sigmund

Vault maps used:
D:1:      ldierk_water_garden
D:2:      minivault_25, grunt_nemelex_the_gamble
D:3:      kennysheep_generic_room_4
D:4:      first_ration
D:5:      minmay_temple_entry_statues_pillars, basic_altar,
          grunt_decor_arrowhead, uniq_ijyb, uniq_duvessa, uniq_sigmund

Skill      XL: |  1  2  3  4  5 |
---------------+----------------+-----
Necromancy     | 5 6 |  6.1
Stealth        | 3 4 |  4.8
Dodging        | 3 4 |  4.5
Spellcasting   | 4 5 |  5.1

Action                   |  1- 3 |  4- 6 || total
-------------------------+-------+-------++-------
Melee: Unarmed           |     9 |     6 ||    15
 Cast: Pain              |    58 |    67 ||   125
       Vampiric Draining |     4 |    12 ||    16
       Regeneration      |       |     1 ||     1
  Use: Scroll            |       |     2 ||     2
 Stab: Sleeping          |     1 |       ||     1
  Eat: Chunk             |     4 |     5 ||     9
       Ration            |       |     2 ||     2
Armor: Ring mail         |    10 |     5 ||    15
       Scale mail        |       |     4 ||     4
       Robe              |       |     4 ||     4
Dodge: Dodged            |    17 |    18 ||    35

Table legend:
 A = Spawn XP
 B = Non-spawn XP
 C = Spawn XP percentage of total XP
 D = Spawn monster count
 E = Non-spawn monster count
 F = Spawn count percentage of total count
 G = Total turns spent on level
                    A         B        C        D         E        F      G
               +---------+---------+-------+---------+---------+-------+---------
         Total |       0 |     471 |   0.0 |       0 |      73 |   0.0 |  5693
               +---------+---------+-------+---------+---------+-------+---------
           D:1 |       0 |      40 |   0.0 |       0 |      22 |   0.0 |  1261
           D:2 |       0 |      73 |   0.0 |       0 |      20 |   0.0 |  1326
           D:3 |       0 |      86 |   0.0 |       0 |      22 |   0.0 |  1555
           D:4 |       0 |     272 |   0.0 |       0 |       9 |   0.0 |  1326
               +---------+---------+-------+---------+---------+-------+---------
